[Event "POL-chT 1 Liga 2019"]
[Site "Dzwirzyno"]
[Date "2019.09.15"]
[Round "9.4"]
[White "Tomaszewski, Roman"]
[Black "Sanz Wawer, Daniel"]
[Result "1/2-1/2"]
[ECO "A01"]
[WhiteElo "2195"]
[BlackElo "2244"]
[Annotator "NA"]
[PlyCount "94"]
[EventDate "2019.09.07"]
[EventType "team-tourn"]
[EventCountry "POL"]
[SourceTitle "playchess.com"]
[Source "ChessBase"]
[SourceQuality "1"]
[TimeControl "40/5400+30:1800+30"]

1. b3 e5 2. Bb2 d6 3. e3 g6 4. d4 Bg7 5. dxe5 Bxe5 6. Qc1 Nc6 7. Nf3 Bxb2 8. Qxb2 Qf6 9. Nc3 Be6 $11 10. O-O-O Nge7 11. Nb5 Qxb2+ 12. Kxb2 Rc8 13. Ng5 Bf5 14. e4 Bd7 15. f4 Bg4 16. Rd3 h6 17. Nf3 a6 18. Nc3 f5 19. exf5 Bxf5 20. Re3 O-O 21. Bc4+ Kh8 22. Rhe1 b5 23. Be6 Rcd8 24. Nd5 Nxd5 25. Bxd5 Nb4 26. Be4 Bxe4 27. Rxe4 Nc6 28. a4 Kg7 29. axb5 axb5 30. R1e3 Rf6 31. g3 d5 32. Re6 d4 33. Rxf6 Kxf6 34. Re2 d3 35. cxd3 Rxd3 36. Rc2 Na5 37. Nd2 Kf5 38. b4 Nb7 39. Kc1 Rd7 40. Rc6 Nd6 41. h3 Ke6 42. Kd1 Rd8 43. Ke2 Ra8 44. Rxc7 Ra4 45. Rg7 Kf6 46. Rd7 Ke6 47. Rg7 Kd5 1/2-1/2

[Event "POL-chT 1 Liga 2019"]
[Site "Dzwirzyno"]
[Date "2019.09.15"]
[Round "9.5"]
[White "Kokoszczynski, Jan"]
[Black "Flis, Jacek"]
[Result "0-1"]
[ECO "A25"]
[WhiteElo "2289"]
[BlackElo "2219"]
[Annotator "NA"]
[PlyCount "94"]
[EventDate "2019.09.07"]
[EventType "team-tourn"]
[EventCountry "POL"]
[SourceTitle "playchess.com"]
[Source "ChessBase"]
[SourceQuality "1"]
[TimeControl "40/5400+30:1800+30"]

1. c4 g6 2. Nc3 Bg7 3. g3 e5 4. Bg2 Nc6 5. e3 d6 6. Nge2 Nge7 7. O-O O-O 8. Rb1 Bf5 9. d3 Qd7 10. b4 Bh3 11. Bxh3 Qxh3 12. b5 Nd8 13. Nd5 Qd7 $11 14. Nxe7+ Qxe7 15. Bd2 Ne6 16. Qc2 Qd7 17. f4 f5 18. Bb4 Rf7 19. Nc3 Re8 20. Rbe1 c6 21. bxc6 bxc6 22. Ba3 g5 23. Ne2 gxf4 24. exf4 exf4 25. Nxf4 Bd4+ 26. Kh1 Nxf4 27. gxf4 Rxe1 28. Rxe1 Re7 29. Rxe7 Qxe7 30. Qd2 c5 31. Bc1 Kf8 32. h3 Qb7+ 33. Qg2 Qb1 34. Qd2 a5 35. Kh2 a4 36. Kg2 Qb7+ 37. Kh2 Qf3 38. Qg2 Qxd3 39. Bb2 Qxc4 40. Bxd4 Qxd4 41. Qa8+ Kf7 42. Qb7+ Kf6 43. Qxh7 Qxf4+ 44. Kh1 Qc1+ 45. Kh2 Qc2+ 46. Kg1 Qb1+ 47. Kf2 Qxa2+ 0-1

[Event "POL-chT 1 Liga 2019"]
[Site "Dzwirzyno"]
[Date "2019.09.15"]
[Round "9.6"]
[White "Lach, Aleksandra"]
[Black "Moscicka, Pola"]
[Result "1/2-1/2"]
[ECO "A45"]
[WhiteElo "2173"]
[BlackElo "1994"]
[Annotator "NA"]
[PlyCount "126"]
[EventDate "2019.09.07"]
[EventType "team-tourn"]
[EventCountry "POL"]
[SourceTitle "playchess.com"]
[Source "ChessBase"]
[SourceQuality "1"]
[TimeControl "40/5400+30:1800+30"]

1. d4 Nf6 2. Bf4 e6 3. Nf3 d5 4. e3 c5 5. Nbd2 Nc6 6. c3 Bd6 7. Bg3 Qe7 8. Ne5 O-O 9. Bd3 Nd7 10. f4 Bxe5 11. dxe5 f6 12. Nf3 b6 13. O-O Bb7 14. Bh4 Qe8 15. exf6 Nxf6 16. Ne5 Qh5 17. Bxf6 Qxd1 18. Raxd1 Rxf6 19. Ng4 Rf7 20. Rf3 e5 21. Rh3 e4 22. Bb5 Rd8 23. Bxc6 Bxc6 24. Rh5 Bb7 25. Rg5 Kf8 26. Ne5 Rf6 27. g3 Bc8 28. Nc4 Be6 29. Nd2 Rd7 30. Re5 Bg4 31. Re1 Rf5 32. Rxf5+ Bxf5 33. Nb3 Ke7 34. Rd1 Rd6 35. Kg2 Kd7 36. h3 h5 37. Kh2 Kc6 38. Rg1 b5 39. Rg2 Rg6 40. Nc1 a5 41. b4 axb4 42. cxb4 d4 43. bxc5 d3 44. Nb3 Kd5 45. Nd4 Bd7 46. c6 Bxc6 47. f5 Rd6 48. Nb3 Kc4 49. Nd2+ Kb4 50. g4 hxg4 51. hxg4 Bd5 52. Kg3 Rc6 53. a3+ Kxa3 54. Kf4 Rc2 55. Ke5 Bc6 56. g5 Rc5+ 57. Kd6 Kb4 58. f6 gxf6 59. gxf6 Bd5 60. Rg5 Rc2 61. Kxd5 Rxd2 62. Kxe4 Rf2 63. Kxd3 Rxf6 1/2-1/2

[Event "POL-chT 1 Liga 2019"]
[Site "Dzwirzyno"]
[Date "2019.09.15"]
[Round "9.8"]
[White "Lewtak, Damian"]
[Black "Flis, Pawel"]
[Result "1-0"]
[ECO "C57"]
[WhiteElo "2377"]
[BlackElo "1897"]
[Annotator "NA"]
[PlyCount "87"]
[EventDate "2019.09.07"]
[EventType "team-tourn"]
[EventCountry "POL"]
[SourceTitle "playchess.com"]
[Source "ChessBase"]
[SourceQuality "1"]
[TimeControl "40/5400+30:1800+30"]

1. e4 e5 2. Nf3 Nc6 3. Bc4 Nf6 4. Ng5 d5 5. exd5 b5 6. Bxb5 Qxd5 7. Nc3 Qxg2 8. Qf3 Qxf3 9. Nxf3 Bd7 10. d3 Bc5 (10... Rb8 $11) 11. Rg1 O-O 12. Bg5 Nh5 13. Ne4 Bb6 14. Nf6+ Nxf6 15. Bxf6 g6 16. Ng5 Rab8 17. Ba4 {[%emt 0:02:38] [#]} Ba5+ $17 {[%emt 0:03:22] Discovered Attack} 18. Kd1 Rb4 19. Bxc6 Bxc6 20. Be7 Rxb2 21. Bxf8 Kxf8 22. Rg4 h6 23. Rc4 Bb5 24. Kc1 Rb4 25. Rxb4 Bxb4 26. Ne4 f5 27. Rb1 Ba3+ 28. Kd1 Bc6 29. Rb8+ Ke7 30. Rb3 Bd6 31. Nxd6 Kxd6 32. Ra3 g5 33. Rxa7 h5 34. Ra5 h4 35. d4 Bf3+ 36. Ke1 exd4 37. Rxf5 Be4 38. Rxg5 Bxc2 39. Kd2 Bb1 40. a4 c5 41. Rg4 Kd5 42. a5 h3 43. a6 Kc6 44. Rg8 1-0

[Event "POL-chT 1 Liga 2019"]
[Site "Dzwirzyno"]
[Date "2019.09.15"]
[Round "9.9"]
[White "Szmacinski, Slawomir"]
[Black "Plichta, Kamil"]
[Result "0-1"]
[ECO "A41"]
[WhiteElo "1848"]
[BlackElo "2349"]
[Annotator "NA"]
[PlyCount "178"]
[EventDate "2019.09.07"]
[EventType "team-tourn"]
[EventCountry "POL"]
[SourceTitle "playchess.com"]
[Source "ChessBase"]
[SourceQuality "1"]
[TimeControl "40/5400+30:1800+30"]

1. d4 d6 2. c4 e5 3. Nc3 exd4 4. Qxd4 Nc6 5. Qd1 Nf6 6. Bg5 {[%emt 0:00:55] A21: English Opening: 1...e5 2 Nc3} (6. Nf3 Bf5 7. g3 Qd7 8. Bg2 Be7 9. O-O O-O 10. b3 Rfe8 11. Bb2 Bf8 12. Re1 a6 13. Nd4 Nxd4 14. Qxd4 {0-1 (26) Chasin,N (2289)-Escobar Forero,A (2471) New York 2019}) 6... Be7 7. Nf3 Be6 $146 ({Predecessor:} 7... h6 8. Bh4 Bf5 9. e3 Qd7 10. Be2 Ne4 11. Nd5 Bxh4 12. Nxh4 Bh7 13. Bg4 Qd8 {0-1 (35) Mohammad,F (2255)-Samoun,F (2314) Paris 2017}) 8. e4 h6 9. Bf4 O-O 10. Be2 Ng4 11. O-O Nge5 12. b3 Nxf3+ 13. Bxf3 Ne5 14. Bxe5 dxe5 15. Qxd8 Bxd8 16. Rad1 g6 17. h3 h5 18. Be2 c6 19. g4 h4 20. Bd3 Bc7 21. Kg2 Rfd8 22. Bc2 Kf8 23. Rxd8+ Bxd8 24. Rd1 Ke7 25. f3 Ba5 26. Ne2 Bc7 27. Nc3 Bd6 28. Bd3 Bb4 29. Ne2 g5 30. Bc2 a5 31. a4 Rc8 32. Bd3 Rd8 33. Bc2 Bd2 34. Kf2 $17 Rd6 35. Ng1 Bc3 36. Rxd6 Kxd6 37. Ne2 Bd2 38. Ng1 Kc5 39. Ke2 Bf4 40. Kd3 b5 41. cxb5 cxb5 42. axb5 Bd7 43. Kc3 Bxb5 44. Bd3 Bd7 45. Ne2 Bg3 46. Bc4 Be1+ 47. Kd3 Kb4 48. Nc1 f6 49. Ke2 Bg3 50. Na2+ Kc5 51. Kd3 Be1 52. Ke2 Bb4 53. Kd3 Bc6 54. Ba6 Bd7 55. Bc4 Be8 56. Nc1 Ba3 57. Ne2 Bb2 58. Kc2 Ba1 59. Kd3 Kb4 60. Ng1 a4 61. bxa4 Bxa4 62. Ne2 Bb2 63. Ba6 Kc5 64. Ng1 Bb3 65. Ne2 Bd1 66. Bb7 Ba3 67. Ba6 Bb4 68. Bb7 Kb5 69. Bd5 Ka4 70. Bc4 Ka3 71. Bb5 Kb2 72. Bc4 Bc2+ 73. Ke3 Be1 74. Bb5 Bg3 75. Ba6 Be1 76. Bb5 Bb3 77. Ba6 Kc2 78. Bd3+ Kd1 79. Bb5 Ba5 80. Kf2 Kd2 81. Ba6 Bd1 82. Bb5 Bb6+ 83. Kf1 Bd4 84. Ba6 Ke3 85. Ke1 Bxe2 86. Bxe2 Kf4 87. Kd2 Kg3 88. Bf1 Kf2 89. Be2 Kg2 0-1

[Event "POL-chT 1 Liga 2019"]
[Site "Dzwirzyno"]
[Date "2019.09.15"]
[Round "9.10"]
[White "Reza, Wojciech"]
[Black "Redlich, Bogdan"]
[Result "1-0"]
[ECO "B53"]
[WhiteElo "2293"]
[BlackElo "1600"]
[Annotator "NA"]
[PlyCount "89"]
[EventDate "2019.09.07"]
[EventType "team-tourn"]
[EventCountry "POL"]
[SourceTitle "playchess.com"]
[Source "ChessBase"]
[SourceQuality "1"]
[TimeControl "40/5400+30:1800+30"]

1. e4 c5 2. Nf3 d6 3. d4 cxd4 4. Qxd4 Nc6 5. Bb5 Bd7 6. Bxc6 Bxc6 7. Nc3 Nf6 8. Bg5 e6 9. O-O-O Be7 10. Rhe1 O-O $11 11. Kb1 Qa5 12. Qd2 Rfd8 13. Nd4 Bd7 14. Nd5 Qxd2 15. Nxe7+ Kf8 16. Bxd2 Kxe7 17. Bb4 e5 18. Nf5+ Bxf5 19. exf5 Ng4 20. f3 a5 21. Ba3 b5 22. c3 Rab8 23. Rd4 Nh6 24. Rxe5+ Kf6 25. Red5 Nxf5 26. Rf4 g6 27. g4 Ke6 28. Rd3 Ng7 29. Re3+ Kd5 30. Rxf7 Ne6 31. b3 Ng5 32. Rf4 Rd7 33. c4+ Kc6 34. Rd4 b4 35. Bc1 Nf7 36. f4 g5 37. fxg5 Nxg5 38. Rd5 Nf7 39. Rxa5 Ne5 40. h3 Rf7 41. Ra6+ Kc7 42. Ra7+ Kc6 43. Rxf7 Nxf7 44. Re7 Ne5 45. Bb2 1-0

[Event "POL-chT 1 Liga 2019"]
[Site "Dzwirzyno"]
[Date "2019.09.15"]
[Round "9.11"]
[White "Kelm, Robert"]
[Black "Renkowski, Piotr"]
[Result "0-1"]
[ECO "D02"]
[WhiteElo "1585"]
[BlackElo "2179"]
[Annotator "NA"]
[PlyCount "92"]
[EventDate "2019.09.07"]
[EventType "team-tourn"]
[EventCountry "POL"]
[SourceTitle "playchess.com"]
[Source "ChessBase"]
[SourceQuality "1"]
[TimeControl "40/5400+30:1800+30"]

1. d4 d5 2. Nf3 c5 3. e3 Nc6 4. c4 e6 5. Nc3 Nf6 6. a3 cxd4 7. exd4 Be7 8. Bf4 a6 9. Ne5 Qb6 10. Nxc6 Qxc6 11. c5 O-O 12. Bd3 Nd7 13. b4 Bf6 14. Bd6 Bxd4 15. Bxh7+ Kxh7 16. Qxd4 Re8 17. O-O b6 18. f4 Bb7 19. Rf3 Rh8 20. Re1 Kg8 21. Rg3 Rh7 22. Ree3 Rc8 23. Rg4 bxc5 24. bxc5 f6 25. Na4 Re8 26. h3 Qb5 27. Nc3 Qb3 28. Nd1 Qc4 29. Qxc4 dxc4 30. f5 e5 31. Rxc4 Bc6 32. Rec3 Kf7 33. Rg4 Rc8 34. Ne3 Rh5 35. Rb4 Rg8 36. Nc4 Rxf5 37. Na5 Rc8 38. g4 Rf3 39. Rbb3 Rxc3 40. Rxc3 Ke6 41. Kf2 Bd5 42. h4 g6 43. Kg3 f5 44. h5 Nf6 45. gxf5+ gxf5 46. Rc1 Ne4+ 0-1

[Event "POL-chT 1 Liga 2019"]
[Site "Dzwirzyno"]
[Date "2019.09.15"]
[Round "9.13"]
[White "Golubka, Petro"]
[Black "Szwed, Jacek"]
[Result "1/2-1/2"]
[ECO "C00"]
[WhiteElo "2479"]
[BlackElo "2370"]
[Annotator "ChessBase"]
[PlyCount "108"]
[EventDate "2019.09.07"]
[EventType "team-tourn"]
[EventCountry "POL"]
[SourceTitle "playchess.com"]
[Source "ChessBase"]
[SourceQuality "1"]
[TimeControl "40/5400+30:1800+30"]

1. e4 e6 2. d4 d5 3. Bd3 c5 4. c3 dxe4 5. Bxe4 Nf6 6. Bd3 Nc6 7. Nf3 cxd4 8. cxd4 Nb4 9. Nc3 Nxd3+ 10. Qxd3 Be7 11. O-O O-O 12. Ne5 Bd7 13. Qg3 Kh8 14. Rd1 Bc6 15. f3 Rc8 16. Qf2 Nd5 17. Bd2 Nxc3 18. bxc3 Bd5 19. a4 b6 20. Qe2 f6 21. Ng4 Bc4 22. Qe1 Qd7 23. Rdb1 Rfd8 24. Rb2 Bd6 25. Ne3 Bd3 26. Ng4 Re8 27. h3 Bc7 28. f4 Ba6 29. Qf2 Qd5 30. Qf3 Qxf3 31. gxf3 Kg8 32. Kg2 Red8 33. Re1 Kf7 34. Nf2 Rd5 35. Ne4 Rcd8 36. Ra1 Bd3 37. Nf2 Bc4 38. Rb4 Ba6 39. Ne4 Rc8 40. Rb2 Bd3 41. Nf2 Bc4 42. Ne4 Bd8 43. Be1 Be7 44. Rbb1 Ra5 45. Nd2 Bd6 46. Bg3 Be7 47. Be1 Ke8 48. Kf2 Bd6 49. Ke3 Kd7 50. h4 Rf5 51. Nxc4 Rxc4 52. Rb5 Kc6 53. Rxf5 exf5 54. h5 Kd5 1/2-1/2

[Event "POL-chT 1 Liga 2019"]
[Site "Dzwirzyno"]
[Date "2019.09.15"]
[Round "9.14"]
[White "Zylka, Stanislaw"]
[Black "Kislinsky, Alexey"]
[Result "1/2-1/2"]
[ECO "B31"]
[WhiteElo "2338"]
[BlackElo "2436"]
[Annotator "NA"]
[PlyCount "114"]
[EventDate "2019.09.07"]
[EventType "team-tourn"]
[EventCountry "POL"]
[SourceTitle "playchess.com"]
[Source "ChessBase"]
[SourceQuality "1"]
[TimeControl "40/5400+30:1800+30"]

1. e4 c5 2. Nf3 Nc6 3. Bb5 g6 4. Bxc6 dxc6 5. d3 Bg7 6. h3 b6 7. Nc3 Nh6 {[%emt 0:00:20] B31: Sicilian: 2...Nc6 3 Bb5 g6} 8. Be3 f6 9. Qd2 Nf7 10. a3 e5 11. b4 f5 $146 ({Predecessor:} 11... cxb4 12. axb4 O-O 13. O-O f5 14. Qe2 {0-1 (45) Lenic,L (2662)-Alekseenko,K (2609) chess.com INT 2018}) 12. Qe2 f4 13. Bc1 Qe7 14. bxc5 Qxc5 15. Qd2 Qd6 16. a4 g5 17. Ba3 Qg6 18. a5 Bd7 19. Qc1 Rb8 20. axb6 axb6 21. Qb2 h5 22. Nd2 ({Much less strong is} 22. Qb4 Qf6 $14) (22. Na4 $16) 22... g4 23. h4 (23. Bc5 $16) 23... Nd6 24. Bxd6 Qxd6 25. Nc4 Qc7 26. Qa3 Rh6 27. Qa7 Qxa7 28. Rxa7 b5 29. Na5 Bf8 30. Nb3 Bb4 31. Kd2 c5 32. Rha1 c4 33. Nc1 Rc6 34. Ra8 Rbc8 35. Rxc8+ Rxc8 36. Rb1 Ba5 37. N1a2 cxd3 38. cxd3 Ke7 39. Nb4 $17 Kd6 40. Ncd5 Ra8 41. Kc2 Bd8 42. g3 Ra4 43. gxf4 exf4 44. d4 Bxh4 45. e5+ Ke6 46. Nxf4+ Kf5 47. Nxh5 Kg5 48. Ng7 Kg6 49. e6 Bc8 50. Rg1 Kxg7 51. Rxg4+ Kf6 52. Nd5+ Kxe6 53. Nf4+ Kf5 54. Rxh4 Kg5 55. Ng2 Ra2+ 56. Kc3 Rxf2 57. Rh8 Be6 1/2-1/2

[Event "POL-chT 1 Liga 2019"]
[Site "Dzwirzyno"]
[Date "2019.09.15"]
[Round "9.15"]
[White "Grabarczyk, Miroslaw"]
[Black "Koziol, Kamil"]
[Result "1-0"]
[ECO "A46"]
[WhiteElo "2374"]
[BlackElo "2292"]
[Annotator "NA"]
[PlyCount "119"]
[EventDate "2019.09.07"]
[EventType "team-tourn"]
[EventCountry "POL"]
[SourceTitle "playchess.com"]
[Source "ChessBase"]
[SourceQuality "1"]
[TimeControl "40/5400+30:1800+30"]

1. d4 Nf6 2. Nf3 e6 3. g3 d5 4. Bg2 c5 5. O-O Nc6 6. c4 dxc4 7. dxc5 Qxd1 8. Rxd1 Bxc5 9. Nbd2 c3 10. bxc3 O-O 11. Nb3 Be7 12. Nfd4 Bd7 13. Nxc6 Bxc6 14. Bxc6 bxc6 15. c4 $11 Ne4 16. Bb2 Rfd8 17. f3 Nc5 18. Ba3 Nxb3 19. Bxe7 Re8 20. Rab1 Rxe7 21. Rxb3 Kf8 22. Kf2 e5 23. Rd6 Rc7 24. c5 f6 25. f4 exf4 26. gxf4 Re8 27. Kf3 f5 28. Re3 Rb8 29. h4 Rb2 30. Re5 g6 31. h5 gxh5 32. Rxf5+ Kg7 33. Rg5+ Kf8 34. Rf6+ Rf7 35. Rxc6 Rxa2 36. Rc8+ Ke7 37. Rxh5 Kd7 38. Rh8 Ra3+ 39. Kg4 Rg7+ 40. Kf5 Rf7+ 41. Kg4 Rg7+ 42. Rg5 Re7 43. e4 Rxe4 44. Rxh7+ Kc6 45. Rh6+ Kb5 46. c6+ Kb6 47. Rg7 Re8 48. Rb7+ Ka6 49. Rb1 Rg8+ 50. Kf5 Ra5+ 51. Ke6 Rb5 52. Rxb5 Kxb5 53. c7 a5 54. f5 a4 55. f6 a3 56. Kd7 a2 57. Rh1 Rh8 58. Ra1 Rh7+ 59. Kd6 Rh8 60. Rxa2 1-0

[Event "POL-chT 1 Liga 2019"]
[Site "Dzwirzyno"]
[Date "2019.09.15"]
[Round "9.16"]
[White "Nowak, Mikolaj"]
[Black "Sabuk, Piotr"]
[Result "1/2-1/2"]
[ECO "A20"]
[WhiteElo "2262"]
[BlackElo "2397"]
[Annotator "NA"]
[PlyCount "112"]
[EventDate "2019.09.07"]
[EventType "team-tourn"]
[EventCountry "POL"]
[SourceTitle "playchess.com"]
[Source "ChessBase"]
[SourceQuality "1"]
[TimeControl "40/5400+30:1800+30"]

1. c4 e5 2. g3 Nf6 3. Bg2 d5 4. cxd5 Nxd5 5. Nc3 Nxc3 6. bxc3 Nc6 7. Rb1 Bc5 8. Qa4 O-O 9. Bxc6 bxc6 10. Qxc6 Bf5 11. d3 Qe7 12. Bg5 f6 13. Be3 Bxe3 14. fxe3 e4 15. Kf2 Rfd8 16. Rb5 Qe6 17. Qxe6+ Bxe6 18. dxe4 Rd1 19. Kg2 Ra1 20. Ra5 Rb8 21. Nf3 Bh3+ 22. Kxh3 Rxh1 23. Rxa7 Rb2 24. Kg2 Rc1 25. Rxc7 Rxe2+ 26. Kh3 h5 27. Nd4 Rxa2 28. g4 hxg4+ 29. Kxg4 Rxh2 30. e5 Rg1+ 31. Kf3 fxe5 32. Nf5 g6 33. Nd6 Rh4 34. c4 g5 35. c5 g4+ 36. Ke4 g3+ 37. Kxe5 Rf1 38. Nf5 Rh5 39. e4 Rhxf5+ 40. exf5 g2 41. Rc8+ Kf7 42. Rc7+ Ke8 43. Rg7 g1=Q 44. Rxg1 Rxg1 45. c6 Rg7 46. f6 Rh7 47. Kd6 Ra7 48. Ke6 Rc7 49. Kd6 Kd8 50. Kd5 Kc8 51. Kd6 Ra7 52. Ke6 Ra1 53. f7 Rf1 54. Ke7 Kc7 55. f8=Q Rxf8 56. Kxf8 Kxc6 1/2-1/2

[Event "POL-chT 1 Liga 2019"]
[Site "Dzwirzyno"]
[Date "2019.09.15"]
[Round "9.17"]
[White "Kucza, Karol"]
[Black "Tomaszewski, Kacper"]
[Result "1/2-1/2"]
[ECO "B48"]
[WhiteElo "2280"]
[BlackElo "2363"]
[Annotator "ChessBase"]
[PlyCount "44"]
[EventDate "2019.09.07"]
[EventType "team-tourn"]
[EventCountry "POL"]
[SourceTitle "playchess.com"]
[Source "ChessBase"]
[SourceQuality "1"]
[TimeControl "40/5400+30:1800+30"]

1. e4 c5 2. Nf3 e6 3. d4 cxd4 4. Nxd4 Nc6 5. Nc3 Qc7 6. Be3 Nf6 7. Qd2 Nxd4 8. Bxd4 e5 9. Be3 Bb4 10. f3 d6 11. Bb5+ Bd7 12. Bxd7+ Nxd7 13. a3 Bxc3 14. Qxc3 Qxc3+ 15. bxc3 Ke7 16. Kd2 Rhc8 17. Rhb1 Rc7 18. a4 b6 19. a5 Rb8 20. axb6 axb6 21. Rb5 Rcb7 22. Kd3 Kd8 1/2-1/2

[Event "POL-chT 1 Liga 2019"]
[Site "Dzwirzyno"]
[Date "2019.09.15"]
[Round "9.18"]
[White "Cieslak, Wiktoria"]
[Black "Kantane, Anna"]
[Result "1/2-1/2"]
[ECO "B47"]
[WhiteElo "2063"]
[BlackElo "2273"]
[Annotator "NA"]
[PlyCount "121"]
[EventDate "2019.09.07"]
[EventType "team-tourn"]
[EventCountry "POL"]
[SourceTitle "playchess.com"]
[Source "ChessBase"]
[SourceQuality "1"]
[TimeControl "40/5400+30:1800+30"]

1. e4 c5 2. Nf3 e6 3. d4 cxd4 4. Nxd4 Nc6 5. Nc3 Qc7 6. Qd3 a6 7. Nxc6 bxc6 8. Qg3 Qb8 9. Qxb8 Rxb8 10. b3 Bb4 11. Bd2 $11 d5 12. exd5 cxd5 13. O-O-O Bb7 14. Kb2 Nf6 15. f3 O-O 16. a3 Bd6 17. Bd3 Rfc8 18. Rde1 Nd7 19. f4 Be7 20. Nd1 Bf6+ 21. Kb1 Nc5 22. Nf2 Ba8 23. Bb4 a5 24. Bxc5 Rxc5 25. Re2 a4 26. b4 Rc3 27. Ka2 Rbc8 28. Nd1 R3c7 29. Nb2 Bc6 30. Rb1 d4 31. Nd1 Bd5+ 32. Kb2 h5 33. g3 g5 34. Nf2 Bf3 35. Rd2 Kf8 36. Re1 gxf4 37. gxf4 e5 38. fxe5 Bg5 39. Rde2 Bxe2 40. Rxe2 Bf4 41. e6 Bxh2 42. exf7 Rxf7 43. Bg6 Re7 44. Rxe7 Kxe7 45. Bxh5 Be5 46. Nd3 Kd6 47. Bf3 Bg7 48. Bd1 Bf6 49. Ka2 Rc7 50. Nb2 Ra7 51. Be2 Kc6 52. Bd3 Kb6 53. Nc4+ Kc6 54. Be4+ Kc7 55. b5 Kb8 56. b6 Re7 57. Bf3 Re6 58. b7 Bd8 59. Nb2 Rf6 60. Be4 Re6 61. Bd5 1/2-1/2

[Event "POL-chT 1 Liga 2019"]
[Site "Dzwirzyno"]
[Date "2019.09.15"]
[Round "9.21"]
[White "Wacior, Maciej"]
[Black "Protaziuk, Grzegorz"]
[Result "1/2-1/2"]
[ECO "A45"]
[WhiteElo "2116"]
[BlackElo "2334"]
[Annotator "NA"]
[PlyCount "177"]
[EventDate "2019.09.07"]
[EventType "team-tourn"]
[EventCountry "POL"]
[SourceTitle "playchess.com"]
[Source "ChessBase"]
[SourceQuality "1"]
[TimeControl "40/5400+30:1800+30"]

1. d4 Nf6 2. Bf4 c5 3. e3 e6 4. c3 b6 5. Nf3 Bb7 6. Nbd2 Be7 $11 7. Bd3 cxd4 8. exd4 d6 9. Qe2 Nbd7 10. Ne4 Nxe4 11. Bxe4 Bxe4 12. Qxe4 Rc8 13. h3 Nf6 14. Qd3 h6 15. O-O O-O 16. Qa6 Rc7 17. Rfe1 Qc8 18. Qd3 Qb7 19. a4 Rd8 20. Nd2 Qd5 21. Qb5 Rcd7 22. Qxd5 Nxd5 23. Bg3 Rc8 24. Re2 Bg5 25. Ne4 Bf4 26. Bxf4 Nxf4 27. Re3 Nd5 28. Rd3 Kf8 29. g3 Ne7 30. Nd2 d5 31. Nb3 Rb7 32. Rd2 Nf5 33. a5 bxa5 34. Nc5 Rb5 35. b3 Nd6 36. Rda2 Nb7 37. c4 dxc4 38. bxc4 Rb4 39. Nxb7 Rxb7 40. c5 Rb4 41. Rxa5 Rxd4 42. Rxa7 Rxc5 43. Ra8+ Ke7 44. R1a7+ Rd7 45. Rxd7+ Kxd7 46. h4 Ke7 47. Kg2 Rc6 48. Ra5 Kf6 49. Kf3 Kg6 50. Rb5 f5 51. Ra5 Kf6 52. Rb5 Rc3+ 53. Ke2 Ra3 54. Rc5 Ra2+ 55. Kf3 g5 56. hxg5+ hxg5 57. g4 f4 58. Rb5 Rd2 59. Ra5 Rd5 60. Ra1 Rb5 61. Ke4 Rb2 62. Kf3 Rc2 63. Ra5 Rc3+ 64. Ke4 Rc4+ 65. Kf3 e5 66. Ra6+ Kf7 67. Ra5 Ke6 68. Ra6+ Kd5 69. Rg6 Rc3+ 70. Kg2 Ke4 71. Ra6 Kd3 72. Rg6 e4 73. Rxg5 Rc2 74. Rd5+ Ke2 75. Re5 e3 76. fxe3 f3+ 77. Kg3 f2 78. Rf5 f1=Q 79. Rxf1 Kxf1 80. g5 Rg2+ 81. Kf4 Ke2 82. Kf5 Kxe3 83. g6 Kd4 84. Kf6 Rf2+ 85. Ke7 Ke5 86. g7 Rg2 87. Kf7 Rf2+ 88. Ke7 Rg2 89. Kf7 1/2-1/2

[Event "POL-chT 1 Liga 2019"]
[Site "Dzwirzyno"]
[Date "2019.09.15"]
[Round "9.22"]
[White "Nurkiewicz, Maciej"]
[Black "Kowalski, Maciej"]
[Result "1-0"]
[ECO "B01"]
[WhiteElo "2334"]
[BlackElo "2095"]
[Annotator "ChessBase"]
[PlyCount "51"]
[EventDate "2019.09.07"]
[EventType "team-tourn"]
[EventCountry "POL"]
[SourceTitle "playchess.com"]
[Source "ChessBase"]
[SourceQuality "1"]
[TimeControl "40/5400+30:1800+30"]

1. e4 d5 2. exd5 Nf6 3. d4 Nxd5 4. Nf3 g6 5. c4 Nb6 6. c5 Nd5 7. Bc4 Bg7 8. Nc3 c6 9. O-O O-O 10. Re1 Be6 11. Qb3 Nxc3 12. bxc3 Bxc4 13. Qxc4 b5 14. Qe2 Bf6 15. a4 Qa5 16. Bh6 Re8 17. axb5 Qxc3 18. Qe4 a5 19. bxc6 a4 20. Ne5 Bg7 21. Bxg7 Kxg7 22. Rec1 Qb3 23. Rab1 Qa2 24. Nc4 a3 25. Nd6 Rf8 26. c7 1-0

[Event "POL-chT 1 Liga 2019"]
[Site "Dzwirzyno"]
[Date "2019.09.15"]
[Round "9.23"]
[White "Rogala, Milosz"]
[Black "Bartel, Michal"]
[Result "0-1"]
[ECO "C55"]
[WhiteElo "1788"]
[BlackElo "2291"]
[Annotator "ChessBase"]
[PlyCount "48"]
[EventDate "2019.09.07"]
[EventType "team-tourn"]
[EventCountry "POL"]
[SourceTitle "playchess.com"]
[Source "ChessBase"]
[SourceQuality "1"]
[TimeControl "40/5400+30:1800+30"]

1. e4 e5 2. Nf3 Nc6 3. d4 exd4 4. Bc4 Nf6 5. e5 Ng4 6. Bxf7+ Kxf7 7. Ng5+ Kg8 8. Qf3 Bb4+ 9. c3 Ngxe5 10. Qd5+ Kf8 11. f4 Nd3+ 12. Kd2 Qf6 13. Kxd3 d6 14. Ne4 Bf5 15. g4 Bxe4+ 16. Qxe4 Re8 17. Qg2 dxc3 18. bxc3 Bc5 19. Rf1 Qg6+ 20. f5 Ne5+ 21. Kc2 Qxg4 22. Qg3 Qa4+ 23. Kd2 Nc4+ 24. Kd3 Nb2+ {[%emt 0:00:41] Kd4} 0-1

[Event "POL-chT 1 Liga 2019"]
[Site "Dzwirzyno"]
[Date "2019.09.15"]
[Round "9.24"]
[White "Kulon, Klaudia"]
[Black "Sapis, Lucyna"]
[Result "1-0"]
[ECO "A36"]
[WhiteElo "2339"]
[BlackElo "2042"]
[Annotator "ChessBase"]
[PlyCount "71"]
[EventDate "2019.09.07"]
[EventType "team-tourn"]
[EventCountry "POL"]
[SourceTitle "playchess.com"]
[Source "ChessBase"]
[SourceQuality "1"]
[TimeControl "40/5400+30:1800+30"]

1. c4 c5 2. g3 g6 3. Bg2 Bg7 4. Nc3 Nc6 5. e3 d6 6. Nge2 e5 7. d3 Nge7 8. O-O O-O 9. a3 f5 10. Rb1 a5 11. Bd2 Be6 12. Nd5 a4 13. Nec3 Bxd5 14. cxd5 Na5 15. Qxa4 b6 16. Rfc1 Nb7 17. Qb3 Kh8 18. f4 Rb8 19. Nb5 Qd7 20. a4 Nc8 21. Rf1 Ra8 22. e4 Na5 23. Qc2 Na7 24. Na3 Rab8 25. Bc3 Rbe8 26. Rbe1 Nb7 27. exf5 gxf5 28. fxe5 dxe5 29. Nc4 Qc7 30. Bxe5 Bxe5 31. Rxe5 Rxe5 32. Qc3 Rfe8 33. Re1 Qg7 34. Nxe5 Nd6 35. Nf7+ Kg8 36. Nxd6 1-0

[Event "POL-chT 1 Liga 2019"]
[Site "Dzwirzyno"]
[Date "2019.09.15"]
[Round "9.25"]
[White "Klekowski, Maciej"]
[Black "Kolago, Marcin"]
[Result "1-0"]
[ECO "A41"]
[WhiteElo "2473"]
[BlackElo "2340"]
[Annotator "ChessBase"]
[PlyCount "83"]
[EventDate "2019.09.07"]
[EventType "team-tourn"]
[EventCountry "POL"]
[SourceTitle "playchess.com"]
[Source "ChessBase"]
[SourceQuality "1"]
[TimeControl "40/5400+30:1800+30"]

1. c4 g6 2. d4 Bg7 3. Nc3 d6 4. Nf3 Nd7 5. g3 e5 6. Bg2 Ne7 7. O-O O-O 8. e4 Nc6 9. Bg5 Bf6 10. Bxf6 Nxf6 11. h3 a6 12. Rc1 Rb8 13. c5 Re8 14. d5 Ne7 15. b4 Rf8 16. Nd2 Ne8 17. f4 f6 18. fxe5 fxe5 19. Rxf8+ Kxf8 20. Qf3+ Kg8 21. Rf1 Nf5 22. exf5 gxf5 23. Nc4 b6 24. c6 Ng7 25. Ne3 h5 26. h4 Qe8 27. Bh3 Qg6 28. Nxf5 Bxf5 29. Bxf5 Nxf5 30. Qxf5 Qxg3+ 31. Kh1 Qxh4+ 32. Kg2 Kh8 33. Qf6+ Qxf6 34. Rxf6 Kg7 35. Ne4 Rh8 36. Kh3 h4 37. a4 Rh5 38. Rxd6 cxd6 39. Nxd6 e4 40. c7 Rh8 41. Nxe4 Kf7 42. c8=Q 1-0